 Dungeon Crawl Stone Soup version 0.27-a0-1158-gaa87e14f67 (webtiles) character file.

Game seed: 10296904581183617105

3501 mhtbhm the Thaumaturge (level 9, -6/46 HPs)
             Began as a Deep Elf Fire Elementalist on May 15, 2021.
             Was an Initiate of Vehumet.
             Killed from afar by a gargoyle (23 damage)
             ... with a stone arrow
             ... on level 8 of the Dungeon.
             The game lasted 00:17:27 (9819 turns).

mhtbhm the Thaumaturge (Deep Elf Fire Elementalist) Turns: 9819, Time: 00:17:28

Health: -6/46      AC:  6    Str:  5    XL:     9   Next: 80%
Magic:  35/35      EV: 14    Int: 24    God:    Vehumet [......]
Gold:   432        SH:  0    Dex: 21    Spells: 14/30 levels left

rFire    + . .     SeeInvis .   f - +3 quarterstaff (chaos)
rCold    + . .     Faith    .   (shield currently unavailable)
rNeg     . . .     Spirit   .   a - +2 robe
rPois    +         Reflect  .   (no helmet)
rElec    +         Harm     .   c - +0 cloak
rCorr    +         Rampage  .   (no gloves)
Will     .....                  z - +0 pair of boots
Stlth    +++.......             y - amulet of magic regeneration
HPRegen  0.15/turn              b - +6 ring of dexterity
MPRegen  0.49/turn              u - ring of magical power

@: resistant, flying, very slightly contaminated
A: no striking features
a: Renounce Religion


You were on level 8 of the Dungeon.
You worshipped Vehumet.
Vehumet was noncommittal.
You visited 2 branches of the dungeon, and saw 9 of its levels.

You collected 484 gold pieces.
You spent 52 gold pieces at shops.

Inventory:

Hand Weapons
 f - a +3 quarterstaff of chaos (weapon)
Armour
 a - a +2 robe (worn)
 c - a +0 cloak (worn)
 z - a +0 pair of boots (worn)
Jewellery
 b - a +6 ring of dexterity (left hand)
 r - a ring of flight
 u - a ring of magical power (right hand)
 y - an amulet of magic regeneration (around neck)
Wands
 g - a wand of charming (2)
 t - a wand of iceblast (9)
Scrolls
 e - a scroll of enchant armour
 j - 3 scrolls of blinking
 l - a scroll of fog
 n - a scroll of torment
 p - 3 scrolls of holy word
 q - a scroll of summoning
 v - a scroll of brand weapon
 w - a scroll of noise {unknown}
 A - 2 scrolls of enchant weapon {unknown}
 B - a scroll of acquirement {unknown}
 C - 2 scrolls of teleportation {unknown}
 D - a scroll of immolation {unknown}
 H - a scroll of fear {unknown}
Potions
 d - a potion of cancellation {unknown}
 h - a potion of ambrosia
 i - 5 potions of curing
 k - 3 potions of flight
 m - a potion of heal wounds {unknown}
 o - 5 potions of resistance
 s - 2 potions of attraction {unknown}
 x - a potion of haste {unknown}
 E - a potion of might {unknown}
 F - a potion of mutation {unknown}


   Skills:
 + Level 0.7 Fighting
 + Level 3.6 Dodging
 + Level 4.7 Stealth
 + Level 11.1 Spellcasting
 + Level 7.4 Conjurations
 + Level 1.3 Hexes
 + Level 9.4 Fire Magic


You had 14 spell levels left.
You knew the following spells:

 Your Spells              Type           Power      Damage    Failure   Level
a - Foxfire               Conj/Fire      100%       2x1d9     1%          1
b - Conjure Flame         Conj/Fire      52%        6-21      1%          3
c - Inner Flame           Hex/Fire       39%        N/A       1%          3
d - Sticky Flame          Conj/Fire      52%        2d7       1%          4
e - Fireball              Conj/Fire      26%        3d12      4%          5

Your spell library contained the following spells:

 Spells                   Type           Power      Damage    Failure   Level
 Shock                    Conj/Air       100%       1d9       1%          1
 Static Discharge         Conj/Air       31%        N/A       1%          2
 Freeze                   Ice            52%        1d7       4%          1
 Hailstorm                Conj/Ice       31%        3d8       11%         4
 Frozen Ramparts          Ice            26%        1d4       14%         3
 Ozocubu's Armour         Ice            13%        N/A       14%         3
 Swiftness                Air            13%        N/A       14%         3
 Lightning Bolt           Conj/Air       15%        1d29      28%         5
 Airstrike                Air            6%         N/A       43%         4
 Metabolic Englaciation   Hex/Ice        8%         N/A       69%         5


Dungeon Overview and Level Annotations

Branches:
Dungeon (8/15)             Temple (1/1) D:6
   Lair: D:8-11

Altars:
Ashenzari
Cheibriados
Dithmenos
Elyvilon
Fedhas
Gozag
Hepliaklqana
Kikubaaqudgha
Nemelex Xobeh
Okawaru
Qazlal
Sif Muna
Uskayaw
Vehumet
Wu Jian
Xom
Zin
The Shining One

Shops:
D:2 ?


Message History

Unknown command.
Casting: Foxfire (safe; 1% risk of failure)
Confirm with . or Enter, or press ? or * to list all spells.
You can't see any susceptible monsters within range! (Use Z to cast anyway.) Unknown command.
Casting: Foxfire (safe; 1% risk of failure)
Confirm with . or Enter, or press ? or * to list all spells.
The spell is quite dangerous to cast (4% risk of failure)!
Continue anyway?
Aiming: Fireball (quite dangerous; 4% risk of failure)
Press: ? - help, Shift-Dir - straight line, f - gargoyle
Aim: a gargoyle, wielding a +0 flail You miscast Fireball.
You are very lightly contaminated with residual magic.
There is a sudden and violent explosion of flames!
* * * LOW HITPOINT WARNING * * *
Unknown command.
Unknown command.
It was a potion of flight.
You feel very buoyant.
You fly up into the air.
Unknown command.
You feel better. The gargoyle misses you.
It was a potion of ambrosia.
You are confused.
You feel invigorated. The gargoyle hits you with a +0 flail!
Unknown command.
The gargoyle completely misses you.
You hit the gargoyle but do no damage. The orc barely misses you.
The gargoyle hits you with a +0 flail!
You completely miss the orc.
You feel less invigorated.
You feel less confused. The orc barely misses you.
The gargoyle barely misses you. The orc hits you with a +0 club.
The orc completely misses you.
It was a potion of resistance.
You feel protected.
The gargoyle hurls a stone arrow at you.
The stone arrow hits you!!
Ouch! That really hurt!
You die...

..............†......
######.##............ ...#
#.##.....#####.##
...###.##.....# #....# #
.....#.##.....# #....#.#
...#.#.##.....# #....#.##.
####.#.##.....# #........#
.....#.##.....###....###.##
................@..........
.....#.##..##..o9..###....
.....#. #...............<.
####.#.##.###........#....
# #.#.....#.........#
####.#...).#.........######
...........#.......)......#
...........#######..)†....#
.........o.....# #........#


You could see a gargoyle and an orc.

Vanquished Creatures
  A two-headed ogre (D:8)
  Maurice (D:8)
  Sigmund (D:5)
  A yak (D:8)
  Edmund (D:5)
  An ice beast (D:5)
  2 sky beasts (D:6)
  3 black bears (D:8)
  An ogre (D:6)
  3 necrophages
  2 centaurs (D:7)
  A phantom (D:5)
  A kobold brigand (D:8)
  A bullfrog (D:8)
  A gnoll sergeant (D:6)
  A water moccasin skeleton (D:5)
  4 wights (D:6)
  2 jellies (D:6)
  A centaur zombie (D:8)
  2 hounds (D:5)
  A bullfrog zombie (D:5)
  2 orc priests
  Crazy Yiuf (D:2)
  A centaur skeleton (D:4)
  Jessica (D:3)
  An iguana (D:4)
  An orc wizard (D:4)
  A hound skeleton (D:4)
  A howler monkey zombie (D:6)
  8 gnolls
  6 adders
  A shadow imp (D:6)
  2 ufetubi (D:5)
  An adder skeleton (D:4)
  A worm (D:3)
  23 orcs
  4 ball pythons
  2 endoplasms
  A giant cockroach (D:2)
  4 goblins
  5 hobgoblins
  4 jackals
  A quokka (D:4)
  4 bats
  4 frilled lizards
  9 kobolds
  5 rats (D:2)
126 creatures vanquished.

Vanquished Creatures (others)
  329 foxfires
  12 fungi
  9 plants (D:8)
350 creatures vanquished.

Grand Total: 476 creatures vanquished

Notes
Turn   | Place    | Note
-------+----------+-------------------------------------------
     0 | D:1      | mhtbhm the Deep Elf Fire Elementalist began the quest for
                  | the Orb.
     0 | D:1      | Reached XP level 1. HP: 10/10 MP: 6/6
   317 | D:1      | Reached XP level 2. HP: 15/15 MP: 4/8
   573 | D:1      | You fall into a shaft and drop 1 floor!
   573 | D:2      | Found a runed translucent door.
   574 | D:2      | Noticed Crazy Yiuf
   711 | D:2      | Reached XP level 3. HP: 16/19 MP: 6/10
   719 | D:2      | Learned a level 3 spell: Conjure Flame
   723 | D:2      | Learned a level 3 spell: Inner Flame
  1461 | D:2      | Found Diowibiom's Magic Scroll Shop.
  1466 | D:2      | Bought a scroll of identify for 26 gold pieces
  1466 | D:2      | Bought a scroll of identify for 26 gold pieces
  1711 | D:2      | Killed Crazy Yiuf
  1712 | D:2      | Reached skill level 4 in Spellcasting
  1712 | D:2      | Reached XP level 4. HP: 24/24 MP: 6/12
  1904 | D:3      | Found a shadowy altar of Dithmenos.
  2150 | D:3      | Found a stormy altar of Qazlal.
  2436 | D:3      | Learned a level 4 spell: Sticky Flame
  2596 | D:3      | Noticed Jessica
  2603 | D:3      | Killed Jessica
  3176 | D:4      | Reached XP level 5. HP: 28/28 MP: 4/14
  3264 | D:4      | Reached skill level 5 in Spellcasting
  4047 | D:5      | Entered Level 5 of the Dungeon
  4047 | D:5      | Noticed Sigmund
  4053 | D:5      | Killed Sigmund
  4054 | D:5      | Reached skill level 6 in Spellcasting
  4054 | D:5      | Reached skill level 5 in Fire Magic
  4054 | D:5      | Reached XP level 6. HP: 32/32 MP: 7/17
  4065 | D:5      | Learned a level 5 spell: Fireball
  4703 | D:5      | Noticed Edmund
  4740 | D:5      | Killed Edmund
  4741 | D:5      | Reached XP level 7. HP: 37/37 MP: 1/19
  5168 | D:5      | Reached skill level 7 in Spellcasting
  5356 | D:5      | Found a snail-covered altar of Cheibriados.
  6352 | D:6      | Reached XP level 8. HP: 41/42 MP: 0/21
  6745 | D:6      | Found a staircase to the Ecumenical Temple.
  6763 | Temple   | Entered the Ecumenical Temple
  6991 | D:6      | Reached skill level 8 in Spellcasting
  7390 | D:6      | Reached skill level 5 in Conjurations
  8000 | D:6      | Found a radiant altar of Vehumet.
  8000 | D:6      | Found a hazy altar of Hepliaklqana.
  8032 | D:6      | Became a worshipper of Vehumet
  8263 | D:7      | Reached skill level 9 in Spellcasting
  8799 | D:7      | Reached XP level 9. HP: 46/46 MP: 5/24
  9397 | D:8      | Noticed Maurice
  9403 | D:8      | Killed Maurice
  9506 | D:8      | Reached skill level 10 in Spellcasting
  9723 | D:8      | Noticed a two-headed ogre
  9735 | D:8      | Killed a two-headed ogre
  9736 | D:8      | Reached skill level 1 in Hexes
  9757 | D:8      | Reached skill level 11 in Spellcasting
  9807 | D:8      | Noticed a gargoyle
  9819 | D:8      | Killed from afar by a gargoyle

Illustrated notes

Levels and vault maps discovered:
D:1:      noname_arrival_rooms_in_the_neighbourhood, layout_rooms,
          shapermc_ecumenical_altar_notcrosses, chequers_serial_rivers_small_b,
          hangedman_abyss_or_decor_stabs, minmay_pentomino_x2
D:2:      layout_basic, serial_shops, shop, uniq_crazy_yiuf_cottage
D:3:      layout_loops_cross, lemuel_round_altar,
          nicolae_dithmenos_the_darkroom, uniq_jessica
D:4:      layout_basic
D:5:      layout_gridville, general_overflow_altar, uniq_edmund, uniq_sigmund
D:6:      layout_loops_ring, gammafunk_temple_overflow_pools,
          minmay_temple_entry_junction_2
D:7:      layout_rooms
D:8:      layout_basic, grunt_lair_entry_orc_guard_hut, uniq_maurice
Temple:   nicolae_temple_god_jail

Skill      XL: |  1  2  3  4  5  6  7  8  9 |
---------------+----------------------------+-----
Fire Magic     | 4 5 6 8 9 |  9.4
Stealth        | 3 4 |  4.7
Spellcasting   | 4 6 7 9 11 | 11.1
Conjurations   | 2 3 4 5 7 |  7.4
Dodging        | 3 |  3.6
Hexes          | 1 |  1.3
Fighting       | |  0.7

Action                   |  1- 3 |  4- 6 |  7- 9 || total
-------------------------+-------+-------+-------++-------
Melee: Unarmed           |     1 |       |       ||     1
       Quarterstaff      |       |     3 |     3 ||     6
 Cast: Foxfire           |    65 |    76 |    67 ||   208
       Sticky Flame      |       |    10 |    20 ||    30
       Fireball          |       |       |    42 ||    42
       Inner Flame       |       |       |     3 ||     3
  Use: Scroll            |     4 |     1 |     3 ||     8
       Potion            |       |     1 |     4 ||     5
Armor: Robe              |     1 |    14 |    15 ||    30
Dodge: Dodged            |    23 |    33 |    38 ||    94

Table legend: (Time is in decaauts)
 A = Elapsed time spent in this place.
 B = Non-inter-level travel time spent in this place.
 C = Inter-level travel time spent in this place.
 D = Time resting spent in this place.
 E = Time spent auto-exploring this place.
 F = Levels seen in this place.
 G = Mean time per level.
                   A        B        C        D        E       F      G
               +--------+--------+--------+--------+--------+-----+--------+
         Total |   9816 |   9753 |     63 |   4418 |   3875 |   9 | 1090.7 |
       Dungeon |   9742 |   9679 |     63 |   4418 |   3842 |   8 | 1217.8 |
        Temple |     74 |     74 |      0 |      0 |     33 |   1 |   74.0 |
               +--------+--------+--------+--------+--------+-----+--------+

Top non-repeatable levels by time:
     D:5: 2210 daAuts
     D:6: 1922 daAuts
     D:2: 1312 daAuts
     D:7: 1089 daAuts
     D:4: 1082 daAuts
     D:3: 1078 daAuts
     D:1: 572 daAuts
     D:8: 473 daAuts
  Temple: 74 daAuts
